 Dungeon Crawl Stone Soup version 0.25-b1-46-gb8a1ec05df (webtiles) character file.

Game seed: 2596765753171587042

122560 nikku the Warrior (level 16, -7/140 HPs)
             Began as a Demonspawn Berserker on June 9, 2020.
             Was a High Priest of Trog.
             Mangled by an emperor scorpion (16 damage)
             ... on level 2 of the Spider Nest on June 10, 2020.
             The game lasted 01:41:47 (29505 turns).

nikku the Warrior (Demonspawn Berserker)           Turns: 29505, Time: 01:41:48

Health: -7/140     AC: 11    Str: 21 (23) XL:     16   Next: 34%
Magic:  0/8        EV: 10    Int:  4      God:    Trog [*****.]
Gold:   627        SH: 20    Dex: 20 (21) Spells: 15/15 levels left

rFire    . . .     SeeInvis .   a - +3 war axe of Skepticism {antimagic, rPois}
rCold    . . .     Gourm    .   K - +2 tower shield
rNeg     + . .     Faith    .   q - +14 plate armour of the Garden {rElec rN+ Int-5}
rPois    +         Spirit   .   (helmet restricted)
rElec    +         Reflect  .   j - +1 cloak
rCorr    .         Harm     .   (gloves unavailable)
MR       +++..                  G - +1 pair of boots
Stlth    ..........             e - amulet of the acrobat
HPRegen  1.33/turn              i - +4 ring of evasion
MPRegen  0.11/turn              r - ring of the Octopus King {MP+9 AC+1 EV+1 Str+1 Int+1 Dex+1}

@: lethally poisoned (-7 -> -7), corroded, berserk cooldown, regenerating
(expiring), slowed, very slow
A: claws 3, horns 1, talons 1, thin skeletal structure 2, agile 1, foul stench
1, spiny 3, weak 1, evolution 1, augmentation 1, rot immunity
a: Berserk, Trog's Hand, Brothers in Arms, Renounce Religion


You were on level 2 of the Spider Nest.
You worshipped Trog.
Trog was extremely pleased with you.
You were very hungry.

You visited 4 branches of the dungeon, and saw 26 of its levels.
You also visited: Sewer.

You collected 2226 gold pieces.
You spent 1599 gold pieces at shops.

Inventory:

Hand Weapons
 a - the +3 war axe of Skepticism (weapon) {antimagic, rPois}
   (Trog gifted it to you on level 14 of the Dungeon)

   It reduces the magical energy of the wielder, and disrupts the spells and
   magical abilities of those hit.
   Natural abilities and divine invocations are not affected.
   It protects you from poison.
 b - a +5 war axe of flaming
 J - a +6 broad axe
Missiles
 n - 8 atropa-tipped darts
 u - 12 poisoned darts (quivered)
 y - 7 curare-tipped darts
Armour
 j - a +1 cloak (worn)
 m - a +2 kite shield
 q - the +14 plate armour of the Garden (worn) {rElec rN+ Int-5}
   (You bought it in a shop on level 2 of the Orcish Mines)

   It affects your intelligence (-5).
   It insulates you from electricity.
   It protects you from negative energy.
 w - a scarf of invisibility
 B - a scarf of repulsion
 G - a +1 pair of boots (worn)
 K - a +2 tower shield (worn)
Jewellery
 e - an amulet of the acrobat (around neck)
 f - a +6 ring of dexterity
 i - a +4 ring of evasion (left claw)
 r - a ring of the Octopus King (right claw) {MP+9 AC+1 EV+1 Str+1 Int+1 Dex+1}
   (You found it on level 5 of the Dungeon)

   [ring of magical power]

   It affects your AC (+1).
   It affects your evasion (+1).
   It affects your strength (+1).
   It affects your intelligence (+1).
   It affects your dexterity (+1).
   It affects your magic capacity (+9).
 H - an uncursed ring of see invisible
Wands
 g - a wand of polymorph (24)
 k - a wand of digging (13)
 x - a wand of paralysis (23)
 A - a wand of acid (10)
 C - a wand of enslavement (29)
 E - a wand of flame (35)
Scrolls
 h - 9 scrolls of remove curse
 t - 13 scrolls of teleportation
 D - 6 scrolls of magic mapping
 N - a scroll of identify
Potions
 d - a potion of might
 l - 2 potions of heal wounds
 o - a potion of haste
 p - 3 potions of mutation
 s - 5 potions of curing
 v - 3 potions of invisibility
 F - a potion of resistance {unknown}
 I - a potion of cancellation
Miscellaneous
 L - a phantom mirror
Comestibles
 c - 41 rations
 M - 8 chunks of flesh


   Skills:
 * Level 16.8 Fighting
 * Level 15.6 Axes
 + Level 11.4 Armour
 - Level 1.7 Dodging
 + Level 11.2 Shields


You had 15 spell levels left.
You didn't know any spells.
Your spell library was empty.

Dungeon Overview and Level Annotations

Branches:
Dungeon (15/15)            Temple (0/1) D:5            Lair (6/6) D:10
 Shoals (0/4) Lair:2       Spider (3/4) Lair:3          Orc (2/2) D:9
    Elf (0/3) Orc:2        Vaults (0/5) D:13         Depths (0/5) D:15
  Sewer (visited)
  Slime: Lair:5-6

Altars:
Ashenzari
Dithmenos
Kikubaaqudgha
Nemelex Xobeh
Ru
Sif Muna
Trog
Uskayaw
Xom
Yredelemnul
Beogh
Jiyva

Shops:
D:5 %   D:9 %   Orc:1 *   Orc:2 *[%[

Annotations:
D:6 3 runed translucent doors, Esekla's ghost, novice OpWz; Iago's ghost, novice GrFi; Vidiiot's ghost, novice MiFi
Lair:5 exclusion: 2 oklob plants
Spider:2 1 runed translucent door, Vidiiot's ghost, journeyman MiFi
Orc:1 1 runed translucent door, Raspi's ghost, journeyman MiBe


Innate Abilities, Weirdness & Mutations

You have claws for hands.
You have a moderately thin skeletal structure. (Dex +4, Stealth+)
You may emit foul miasma when damaged in melee.
You are completely covered in sharp spines.
Your magical and physical power is slightly enhanced at high health.
You are immune to rotting.
You have a pair of small horns on your head.
You have sharp toenails.
You are agile. (Dex +2)
You are weak. (Str -2)
You evolve.


Message History

Something hits you but does no damage.
Something stings you but does no damage.
The soldier ant is engulfed in dark miasma.
The soldier ant looks as sick as possible!
You kill the soldier ant!
Trog accepts your kill.
You feel much better.
You feel the effects of Trog's Hand fading.
You feel sick.
The emperor scorpion is struck by your spines.
The emperor scorpion stings you!
* * * LOW HITPOINT WARNING * * *
The emperor scorpion claws you.
* * * LOW HITPOINT WARNING * * *
You block the emperor scorpion's attack.
You feel you are being watched by something.
Trog accepts your kill.
Reactivating autopickup.
You feel a bit more experienced. The emperor scorpion stings you!
You die...

#..............#.................
#................................
#................................
#.††.............................
#...................(............
#...............^................
#................................
#^.............s○................
#............a..@................
#.........^.^..°☼................
#................................
#...........##.........^.........
#...........^#..a...a............
#...........)#...................
#....<.......##^................#
#^........##..##....)............
#..............#.................


You could see an emperor scorpion (sick), an entropy weaver (fleeing, poisoned,
sick) and 2 soldier ants.

Vanquished Creatures
  Rupert (D:15)
  Jorgrun (D:15)
  Louise (D:15)
  2 ghost moths
  An orc warlord (Orc:2)
  A stone giant (Orc:1)
  3 entropy weavers
  A dire elephant (Lair:6)
  An ettin (Orc:2)
  Snorg (Lair:6)
  A fire dragon (D:13)
  A vault guard (D:13)
  6 hydras
  A catoblepas (Lair:6)
  A centaur warrior (D:14)
  7 two-headed ogres
  A deep troll shaman (Lair:6)
  The ghost of HiStorm4nn the Covert, a journeyman FeCj of Nemelex Xobeh (Lair:4)
  5 death yaks (Lair:6)
  3 tengu warriors
  A queen ant (Spider:3)
  Nergalle (D:10)
  5 skeletal warriors (D:13)
  3 unseen horrors
  A glowing orange brain (D:15)
  A wolf spider zombie (D:15)
  2 deep elf magi
  2 orc knights (Orc:2)
  13 ugly things
  8 orb spiders
  2 orc sorcerers (Orc:2)
  13 wolf spiders
  A cyclops (D:15)
  3 manticores
  7 elephants (Lair:6)
  A moth of wrath (Spider:3)
  A black mamba (shapeshifter) (D:15)
  2 torpor snails
  A gargoyle (D:13)
  Psyche (D:9)
  10 spiny frogs
  A kobold demonologist (D:14)
  An efreet (D:13)
  13 demonic crawlers
  A yaktaur (shapeshifter) (D:15)
  7 komodo dragons
  A freezing wraith (D:14)
  A tengu conjurer (D:11)
  8 trolls
  3 meliai (D:13)
  15 jumping spiders
  3 polar bears
  4 merfolk (Lair:2)
  4 blink frogs (Lair:3)
  2 hornets
  A raiju (shapeshifter) (D:15)
  20 slime creatures
  2 dream sheep (Lair:6)
  10 hippogriffs
  5 water elementals (D:15)
  A wraith (D:14)
  A shadow (D:14)
  A vampire (D:13)
  7 wyverns
  56 redbacks
  29 yaks
  A tarantella (shapeshifter) (D:15)
  20 tarantellas
  2 hungry ghosts
  A steam dragon (D:12)
  6 basilisks
  5 vampire mosquitoes
  4 wargs
  A soldier ant (shapeshifter) (D:13)
  15 soldier ants
  6 water moccasins
  An acid dragon (D:13)
  5 porcupines
  2 ice beasts
  2 black bears (Lair:2)
  40 orc warriors
  6 sky beasts
  A hornet zombie (D:8)
  2 necrophages
  9 ogres
  8 centaurs
  2 phantoms (D:13)
  2 eyes of draining (D:11)
  9 crocodiles
  9 wolves
  A big kobold (D:14)
  20 bullfrogs
  A wyvern zombie (D:12)
  A wyvern skeleton (D:7)
  4 scorpions
  3 killer bees (D:11)
  4 howler monkeys (D:10)
  4 electric eels
  9 crimson imps
  A bullfrog zombie (D:12)
  3 centaur zombies
  5 jellies
  A bullfrog skeleton (D:11)
  20 orc priests
  18 orc wizards
  11 centaur skeletons
  8 hounds
  6 iguanas
  21 worker ants
  A killer bee zombie (D:8)
  A hound zombie (D:11)
  2 hound skeletons
  A howler monkey zombie (D:7)
  A worker ant zombie (D:8)
  16 adders
  7 gnolls (D:4)
  A howler monkey skeleton (D:8)
  3 shadow imps
  An ooze (Sewer)
  3 adder zombies
  2 adder skeletons
  8 worms
  4 dart slugs
  8 leopard geckos
  83 orcs
  3 ball pythons
  14 bats
  5 giant cockroaches
  7 goblins
  12 hobgoblins
  21 jackals
  9 kobolds
  10 quokkas
  7 frilled lizards
  A jackal zombie (D:5)
  A leopard gecko skeleton (D:4)
  5 rats
  A butterfly (Lair:5)
  3 fungi (Lair:3)
  2 plants (Lair:6)
859 creatures vanquished.

Vanquished Creatures (others)
  A tarantella (Spider:2)
  A fungus (Lair:1)
  4 plants
  2 withered plants (Spider:3)
8 creatures vanquished.

Grand Total: 867 creatures vanquished

Notes
Turn   | Place    | Note
-------+----------+-------------------------------------------
     0 | D:1      | nikku the Demonspawn Berserker began the quest for the Orb.
     0 | D:1      | Reached XP level 1. HP: 18/18 MP: 1/1
   234 | D:1      | Gained mutation: You have sharp fingernails. [demonic
                  | ancestry]
   234 | D:1      | Reached XP level 2. HP: 24/24 MP: 2/2
  1033 | D:2      | Gained mutation: You are immune to rotting. [demonic
                  | ancestry]
  1033 | D:2      | Reached XP level 3. HP: 28/29 MP: 3/3
  1200 | D:2      | Reached ** piety under Trog
  1400 | D:2      | Reached XP level 4. HP: 37/37 MP: 4/4
  1619 | D:2      | Reached skill level 4 in Fighting
  1893 | D:3      | Found a hide-covered altar of Uskayaw.
  2161 | D:3      | Gained mutation: You are partially covered in sharp spines.
                  | [demonic ancestry]
  2161 | D:3      | Reached XP level 5. HP: 23/42 MP: 5/5
  2432 | D:3      | Found a basalt altar of Yredelemnul.
  2558 | D:3      | Found a shimmering blue altar of Sif Muna.
  2559 | D:3      | Found a sparkling altar of Nemelex Xobeh.
  2564 | D:3      | Reached skill level 1 in Shields
  2636 | D:4      | Noticed an ogre
  2647 | D:4      | Killed an ogre
  2753 | D:4      | Reached XP level 6. HP: 46/49 MP: 6/6
  2895 | D:4      | Reached *** piety under Trog
  2895 | D:4      | Reached skill level 5 in Fighting
  3355 | D:4      | Reached XP level 7. HP: 49/56 MP: 7/7
  3756 | D:5      | Entered Level 5 of the Dungeon
  3810 | D:5      | Found the ring of the Octopus King
  3830 | D:5      | Reached skill level 5 in Axes
  3840 | D:5      | Got a ring of the Octopus King
  3869 | D:5      | Found a glowing drain.
  3874 | Sewer    | Entered a sewer
  4487 | D:5      | Found Jialai's Food Shop.
  4546 | D:5      | Reached **** piety under Trog
  4632 | D:5      | Found a staircase to the Ecumenical Temple.
  4992 | D:6      | Reached skill level 6 in Fighting
  5149 | D:6      | Found a shattered altar of Ashenzari.
  5223 | D:6      | Gained mutation: You are mostly covered in sharp spines.
                  | [demonic ancestry]
  5223 | D:6      | Reached XP level 8. HP: 54/64 MP: 8/8
  5480 | D:6      | Found a runed translucent gate.
  5482 | D:6      | Found a runed translucent gate.
  5482 | D:6      | Found a runed translucent gate.
  5482 | D:6      | Noticed Esekla's ghost (novice OpWz)
  5482 | D:6      | Noticed Vidiiot's ghost (novice MiFi)
  5485 | D:6      | Noticed Iago's ghost (novice GrFi)
  5579 | D:6      | Identified a ring of the Octopus King {MP+9 AC+1 EV+1 Str+1
                  | Int+1 Dex+1} (You found it on level 5 of the Dungeon)
  6015 | D:7      | Reached skill level 7 in Fighting
  6776 | D:8      | Noticed a hippogriff
  6793 | D:8      | Killed a hippogriff
  6793 | D:8      | Gained mutation: You may emit foul miasma when damaged in
                  | melee. [demonic ancestry]
  6793 | D:8      | Reached XP level 9. HP: 60/73 MP: 9/9
  7269 | D:9      | Found a sacrificial altar of Ru.
  7270 | D:9      | Found Osiliez's Food Emporium.
  7282 | D:9      | Reached skill level 8 in Fighting
  7386 | D:9      | Noticed a two-headed ogre
  7398 | D:9      | Killed a two-headed ogre
  7398 | D:9      | Reached skill level 5 in Armour
  7959 | D:9      | Noticed Psyche
  7968 | D:9      | Killed Psyche
  7968 | D:9      | Reached skill level 9 in Fighting
  8008 | D:9      | Reached skill level 5 in Shields
  8008 | D:9      | Gained mutation: You have a somewhat thin skeletal
                  | structure. (Dex +2, Stealth) [demonic ancestry]
  8008 | D:9      | Reached XP level 10. HP: 83/83 MP: 10/10
  8059 | D:9      | Found a shadowy altar of Dithmenos.
  8198 | D:9      | Reached ***** piety under Trog
  8223 | D:9      | Received a gift from Trog
  8346 | D:9      | Found a staircase to the Orcish Mines.
  8398 | D:10     | Entered Level 10 of the Dungeon
  8500 | D:10     | You fall into a shaft and drop 1 floor!
  8638 | D:11     | Noticed a manticore
  8646 | D:11     | Killed a manticore
  8906 | D:10     | Reached skill level 10 in Fighting
  8947 | D:10     | Found a staircase to the Lair.
  9170 | D:10     | Noticed Nergalle
  9182 | D:11     | Noticed a two-headed ogre
  9188 | D:11     | Killed a two-headed ogre
  9379 | D:11     | Noticed a two-headed ogre
  9384 | D:11     | Killed a two-headed ogre
  9384 | D:11     | Reached XP level 11. HP: 92/92 MP: 11/11
  9595 | D:11     | Noticed a two-headed ogre
  9602 | D:11     | Killed a two-headed ogre
  9757 | D:11     | Reached skill level 10 in Axes
  9938 | D:11     | Noticed a two-headed ogre
  9947 | D:11     | Killed a two-headed ogre
  9947 | D:11     | Reached skill level 11 in Fighting
 10560 | D:12     | Noticed a five-headed hydra
 10573 | D:12     | Killed a one-headed hydra
 11265 | D:12     | Noticed a seven-headed hydra
 11275 | D:12     | Killed a two-headed hydra
 11611 | D:12     | Gained mutation: You have very sharp fingernails. [demonic
                  | ancestry]
 11611 | D:12     | Reached XP level 12. HP: 101/101 MP: 12/12
 12147 | Lair:1   | Entered Level 1 of the Lair of Beasts
 12180 | Lair:1   | Reached skill level 12 in Fighting
 13034 | Lair:1   | Noticed a six-headed hydra
 13046 | Lair:1   | Killed a one-headed hydra
 13340 | Lair:2   | Found a dark tunnel.
 13594 | Lair:2   | Found an ancient bone altar of Kikubaaqudgha.
 13656 | Lair:2   | Received a gift from Trog
 13781 | Lair:2   | Found a staircase to the Shoals.
 14389 | Lair:3   | Found a hole to the Spider Nest.
 14762 | Lair:3   | Reached skill level 13 in Fighting
 14834 | Lair:3   | Gained mutation: You have claws for hands. [demonic
                  | ancestry]
 14834 | Lair:3   | Reached XP level 13. HP: 111/111 MP: 13/13
 15509 | Lair:4   | Found a hide-covered altar of Uskayaw.
 15521 | Lair:4   | Found a runed translucent gate.
 15521 | Lair:4   | Found a runed translucent gate.
 15521 | Lair:4   | Found a runed translucent gate.
 15522 | Lair:4   | Noticed HiStorm4nn's ghost (journeyman FeCj)
 15524 | Lair:4   | Found a viscous altar of Jiyva.
 16329 | Lair:5   | You fall into a shaft and drop 1 floor!
 16329 | Lair:6   | Entered Level 6 of the Lair of Beasts
 17011 | Lair:6   | Noticed Snorg
 17030 | Lair:6   | Killed Snorg
 18068 | Lair:6   | Reached skill level 14 in Fighting
 18341 | Lair:6   | Noticed a dire elephant
 18362 | Lair:6   | Killed a dire elephant
 19612 | D:13     | Gained mutation: You have a moderately thin skeletal
                  | structure. (Dex +4, Stealth+) [demonic ancestry]
 19612 | D:13     | Reached XP level 14. HP: 120/120 MP: 14/14
 20465 | D:13     | Found a gate to the Vaults.
 20754 | D:13     | Found a shimmering blue altar of Sif Muna.
 21381 | D:13     | Gained mutation: You are robust. (+10% HP) [potion of
                  | mutation]
 21381 | D:13     | Gained mutation: Scrolls take you a little longer to read.
                  | [potion of mutation]
 21381 | D:13     | Gained mutation: Scrolls take you longer to read. [potion
                  | of mutation]
 21381 | D:13     | Gained mutation: You are very robust. (+20% HP) [potion of
                  | mutation]
 21382 | D:13     | Lost mutation: Scrolls take you longer to read. [potion of
                  | mutation]
 21382 | D:13     | Lost mutation: You are very robust. (+20% HP) [potion of
                  | mutation]
 21382 | D:13     | Lost mutation: You are robust. (+10% HP) [potion of
                  | mutation]
 21382 | D:13     | Gained mutation: You have a pair of small antennae on your
                  | head. [potion of mutation]
 21382 | D:13     | Gained mutation: Your system is resistant to poisons.
                  | (rPois) [potion of mutation]
 21383 | D:13     | Lost mutation: You have a pair of small antennae on your
                  | head. [potion of mutation]
 21383 | D:13     | Lost mutation: Scrolls take you a little longer to read.
                  | [potion of mutation]
 21383 | D:13     | Lost mutation: Your system is resistant to poisons. (rPois)
                  | [potion of mutation]
 21383 | D:13     | Gained mutation: You have a pair of small horns on your
                  | head. [potion of mutation]
 21383 | D:13     | Gained mutation: You are agile. (Dex +2) [potion of
                  | mutation]
 21383 | D:13     | Gained mutation: You are weak. (Str -2) [potion of
                  | mutation]
 21383 | D:13     | Gained mutation: You evolve. [potion of mutation]
 21518 | D:10     | Killed Nergalle
 21882 | Orc:1    | Entered Level 1 of the Orcish Mines
 21944 | Orc:1    | Found a runed translucent door.
 21944 | Orc:1    | Found a shimmering altar of Xom.
 21944 | Orc:1    | Noticed Raspi's ghost (journeyman MiBe)
 22088 | Orc:1    | Noticed a stone giant
 22107 | Orc:1    | Killed a stone giant
 22251 | Orc:1    | Found a bloodstained altar of Trog.
 22254 | Orc:1    | Found Tilih's General Store.
 22263 | Orc:1    | Bought 3 potions of heal wounds for 240 gold pieces
 22415 | Orc:2    | Entered Level 2 of the Orcish Mines
 22827 | Orc:2    | Reached skill level 10 in Armour
 22876 | Orc:2    | Paralysed by an orc sorcerer for 7 turns
 22888 | Orc:2    | Noticed an orc warlord
 22910 | Orc:2    | Killed an orc warlord
 23031 | Orc:2    | Found a staircase to the Elven Halls.
 23095 | Orc:2    | Found a roughly hewn altar of Beogh.
 23115 | Orc:2    | Reached skill level 15 in Fighting
 23259 | Orc:2    | Found Vibbonk's Food Boutique.
 23259 | Orc:2    | Found Juemal's Armour Shoppe.
 23262 | Orc:2    | Found Ipaxorgh's General Store.
 23270 | Orc:2    | Found Wetziwn's Armour Shop.
 23318 | Orc:2    | Bought the +14 plate armour of the Garden {rElec rN+ Int-5}
                  | for 1206 gold pieces
 23333 | Orc:2    | Bought a scroll of fear for 63 gold pieces
 23333 | Orc:2    | Bought a potion of heal wounds for 90 gold pieces
 23875 | D:14     | Reached skill level 10 in Shields
 24304 | D:14     | Received a gift from Trog
 24307 | D:14     | Got a warped war axe {god gift}
 24558 | Lair:4   | Killed HiStorm4nn's ghost
 24574 | Lair:4   | Identified the +3 war axe of Skepticism {antimagic, rPois}
                  | (Trog gifted it to you on level 14 of the Dungeon)
 25089 | D:14     | Gained mutation: You are completely covered in sharp
                  | spines. [demonic ancestry]
 25089 | D:14     | Reached XP level 15. HP: 125/129 MP: 15/15
 25184 | D:14     | Got a brightly glowing spear
 25187 | D:14     | Identified the +6 spear of Chaos {vorpal, Int+3} (You found
                  | it on level 14 of the Dungeon)
 25380 | D:15     | Entered Level 15 of the Dungeon
 25452 | D:15     | Noticed Jorgrun
 25477 | D:15     | Killed Jorgrun
 26096 | D:15     | Noticed Louise
 26120 | D:15     | Killed Louise
 26661 | D:15     | Found a staircase to the Depths.
 26675 | D:15     | Received a gift from Trog
 26799 | D:15     | Noticed Rupert
 26814 | D:15     | Killed Rupert
 27230 | Spider:1 | Entered Level 1 of the Spider Nest
 27246 | Spider:1 | Reached skill level 16 in Fighting
 27645 | Spider:1 | Reached skill level 15 in Axes
 28131 | Spider:2 | Received a gift from Trog
 28262 | Spider:2 | Gained mutation: You have sharp toenails. [evolution]
 28598 | Spider:2 | Gained mutation: Your magical and physical power is
                  | slightly enhanced at high health. [demonic ancestry]
 28598 | Spider:2 | Reached XP level 16. HP: 136/139 MP: 8/16
 29163 | Spider:2 | Found a runed translucent door.
 29163 | Spider:2 | Found a shimmering altar of Xom.
 29163 | Spider:2 | Noticed Vidiiot's ghost (journeyman MiFi)
 29503 | Spider:2 | HP: 7/140 [soldier ant (7)]
 29504 | Spider:2 | HP: 2/140 [something (3)]
 29505 | Spider:2 | Mangled by an emperor scorpion

Illustrated notes

Levels and vault maps discovered:
D:1:      tarquinn_simple_flora_water_e, layout_basic,
          chequers_serial_rivers_micro_a
D:2:      layout_basic, first_ration, serial_forest,
          infiniplex_forest_clump_long, infiniplex_forest_clump_diagonal,
          infiniplex_forest_clump_diagonal, infiniplex_forest_diagonal,
          infiniplex_forest_lined_room_2, minmay_statues_item,
          minmay_pentomino_r2
D:3:      layout_rooms, lemuel_round_altar, lemuel_doored_altar,
          gammafunk_temple_overflow_pools
D:4:      layout_basic
D:5:      layout_gridville, minmay_temple_entry_glassed_door, serial_shops,
          shop_coins, lightli_sewer_entry_pipes
D:6:      layout_cave_pools, evilmike_ruin_ashenzari, gammafunk_ghost_cemetery
D:7:      layout_cave_pools
D:8:      layout_cave_pools
D:9:      layout_rooms, overflow_temple_1_default, david_orc_4, serial_shops,
          nicolae_shop_statue_plus, nicolae_dithmenos_shadow_blocks, uniq_psyche
D:10:     layout_roguey, erik_lair_orcish_takeover, uniq_nergalle
D:11:     layout_roguey, grunt_tengu_nest, hangedman_decor_peaks_small
D:12:     layout_irregular_city
D:13:     layout_basic, david_vaults_4, basic_altar
D:14:     layout_irregular_city, wad_floor_pattern_untrapped
D:15:     gammafunk_enter_depths_forms, layout_long_grid, chequers_big_river,
          uniq_rupert, uniq_jorgrun, uniq_louise
Lair:1:   layout_chaotic_city, lemuel_fruit_tree, grunt_megastairs_3
Lair:2:   layout_loops_ring, elwin_shoals_entry_stream,
          nicolae_volcano_entry_hallway, basic_altar, beast_lair_carwin_1,
          grunt_megastairs_2
Lair:3:   layout_roguey, spider_nest_entry_a, chequers_serial_rivers_large_a
Lair:4:   layout_cave_shapes, gammafunk_ghost_ooze, basic_altar,
          lemuel_fruit_fields
Lair:5:   layout_long_grid, minmay_slime_entry_oklob_open,
          serial_bayou_lagoon_b, lemuel_fruit_fields
Lair:6:   grunt_lair_end_beastmaster, layout_long_grid, serial_bayou_shore_b,
          serial_bayou_shore_a, uniq_snorg
Spider:1: layout_spider_delve
Spider:2: layout_spider_delve, ebering_ghost_xom
Spider:3: layout_spider_delve, gammafunk_ghost_cemetery, zaba_antful_of_joy
Orc:1:    layout_diamond_mine, serial_shops, shop, basic_altar,
          ebering_ghost_xom, nicolae_orc_rockfall
Orc:2:    st_orc_rangers, layout_caves, mines1_david

Skill      XL: |  1  2  3  4  5  6  7  8  9 10 11 12 13 14 15 16 |
---------------+-------------------------------------------------+-----
Axes           | 3 4 5 6 8 9 10 12 13 14 15 | 15.6
Armour         | 2 3 4 5 6 7 8 9 10 11 | 11.4
Fighting       | 4 5 6 7 9 10 11 13 14 15 16 | 16.8
Shields        | 1 2 4 5 6 7 8 9 10 11 | 11.2
Dodging        | |  1.7

Action                   |  1- 3 |  4- 6 |  7- 9 | 10-12 | 13-15 | 16-18 || total
-------------------------+-------+-------+-------+-------+-------+-------++-------
Melee: Hand axe          |   113 |   179 |   304 |   348 |    77 |       ||  1021
       War axe           |       |       |       |   330 |  1101 |   125 ||  1556
       Headbutt          |       |       |       |       |   243 |    38 ||   281
Throw: Dart              |       |    13 |    12 |    90 |    97 |     8 ||   220
Invok: Trog's Hand       |     1 |     2 |     4 |    15 |    30 |     3 ||    55
       Berserk           |     1 |     1 |     3 |     6 |    10 |     3 ||    24
Evoke: Wand              |       |       |       |       |     1 |       ||     1
  Use: Scroll            |     3 |     7 |    13 |     6 |    19 |     1 ||    49
       Potion            |       |       |       |     3 |    14 |     3 ||    20
 Stab: Sleeping          |       |       |       |     2 |       |       ||     2
  Eat: Chunk             |     3 |     7 |    21 |    31 |    34 |     2 ||    98
       Ration            |       |       |       |     1 |     9 |     1 ||    11
Armor: Animal skin       |     7 |       |       |       |       |       ||     7
       Scale mail        |    38 |    38 |    54 |       |       |       ||   130
       Ring mail         |       |       |       |    43 |       |       ||    43
       Plate armour      |       |       |       |   102 |   569 |   159 ||   830
Dodge: Dodged            |    93 |    78 |   112 |   222 |   431 |    92 ||  1028
       Repelled          |       |       |       |     2 |       |       ||     2
Block: Kite shield       |     3 |    67 |   141 |   337 |   511 |       ||  1059
       Tower shield      |       |       |       |       |   343 |   251 ||   594
